 Dungeon Crawl Stone Soup version 0.29.1-15-g9cfb28693d (webtiles) character file.

Game seed: 14798820717315748845

39 386 the Shooter (level 3, -2/31 HPs)
             Began as a Minotaur Hunter on Mar 25, 2023.
             Slain by Natasha (8 damage)
             ... on level 3 of the Dungeon.
             The game lasted 00:03:04 (1757 turns).

386 the Shooter (Minotaur Hunter)                   Turns: 1757, Time: 00:03:06

Health: -2/31      AC:  3    Str: 15    XL:     3   Next: 26%
Magic:  2/2        EV: 12    Int:  6    God:
Gold:   111        SH:  0    Dex: 15    Spells: 2/2 levels left

rFire   . . .      SeeInvis .   a - +0 shortbow
rCold   . . .      Faith    .   (shield currently unavailable)
rNeg    . . .      Spirit   .   c - +0 leather armour
rPois   .          Reflect  .   (helmet restricted)
rElec   .          Harm     .   (no cloak)
rCorr   .          Rampage  .   (no gloves)
Will    .....                   (no boots)
Stlth   ++........              (no amulet)
HPRegen 0.10/turn               (no ring)
MPRegen 0.08/turn               (no ring)

@: no status effects
A: horns 2, retaliatory headbutt
a: no special abilities


You were on level 3 of the Dungeon.
You visited 1 branch of the dungeon, and saw 3 of its levels.

You collected 111 gold pieces.

Inventory:

Hand Weapons
 a - a +0 shortbow (weapon)
Armour
 c - a +0 leather armour (worn)
Jewellery
 d - a ring of protection from fire
Scrolls
 b - a scroll of immolation
 e - a scroll of fog {unknown}
 i - a scroll of identify {unknown}
 j - a scroll of poison {unknown}
 n - a scroll of teleportation {unknown}
 o - a scroll of brand weapon {unknown}
Potions
 f - a potion of invisibility {unknown}
 g - 2 potions of resistance {unknown}
 h - a potion of heal wounds {unknown}
 k - 2 potions of mutation {unknown}
 l - a potion of flight {unknown}
 m - a potion of cancellation {unknown}
 p - 2 potions of attraction {unknown}


   Skills:
 + Level 3.0 Fighting
 + Level 4.7 Ranged Weapons
 + Level 2.8 Dodging
 + Level 1.6 Stealth


You had 2 spell levels left.
You didn't know any spells.
Your spell library was empty.

Dungeon Overview and Level Annotations

Branches:
Dungeon (3/15)

Altars:

Shops:
D:2 (

Annotations:
D:3 Natasha


Innate Abilities, Weirdness & Mutations

You have a pair of horns on your head.
You reflexively headbutt those who attack you in melee.


Message History

p - 2 lumpy clear potions
Found a stone staircase leading up.
Natasha, Servant of Life and Death comes into view.
Natasha hisses angrily.
Natasha is nearby!
You shoot an arrow. The arrow hits Natasha.
Natasha is lightly wounded.
Natasha mumbles some strange words.
You shoot an arrow. The arrow hits Natasha.
Natasha is heavily wounded.
Natasha barely misses you.
The crimson imp laughs crazily.
Natasha closely misses you.
You shoot an arrow. The arrow hits Natasha.
Natasha is almost dead.
The crimson imp hits you. Natasha claws you.
You shoot an arrow. The arrow barely misses Natasha.
The crimson imp barely misses you. Natasha barely misses you.
You furiously retaliate!
You headbutt Natasha. The crimson imp closely misses you.
You shoot an arrow. The arrow barely misses Natasha.
Natasha stares at you and mumbles some strange words.
The magic dart hits you.
The crimson imp hits you but does no damage.
Natasha claws you.
You are too injured to fight recklessly!
You are too injured to fight recklessly!
You are too injured to fight recklessly!
Fire: a) +0 shortbow
Press: ? - help, Q - select action Shift-Dir - straight line, f/p - Natasha
Aim: Natasha (almost dead, 55% to hit)
You shoot an arrow. The arrow barely misses Natasha.
The crimson imp hits you. Natasha claws you.
* * * LOW HITPOINT WARNING * * *
Fire: a) +0 shortbow
Press: ? - help, Q - select action Shift-Dir - straight line, f/p - Natasha
Aim: Natasha (almost dead, 55% to hit)
You shoot an arrow. The arrow closely misses Natasha.
The crimson imp closely misses you. Natasha claws you!
You die...

#### ..#
#######h#### #.#
#.....5@..<# #.#
#.#####.#### #.#
#.# #.# #.###.##
#.# #.#....# #.#
#.#.#..# #.# ####
#.#.#######.#
...###.#.........#
...'......>..###


You could see Natasha and a crimson imp (summoned).

Vanquished Creatures
  A worm (D:2)
  A dart slug (D:1)
  An orc (D:3)
  4 bats
  2 endoplasms
  A giant cockroach (D:1)
  4 hobgoblins
  4 jackals (D:1)
  3 quokkas
  A ball python (D:2)
  A frilled lizard (D:1)
  3 goblins
  A kobold (D:1)
  2 rats
29 creatures vanquished.

Notes
Turn   | Place    | Note
-------+----------+-------------------------------------------
     0 | D:1      | 386 the Minotaur Hunter began the quest for the Orb.
     0 | D:1      | Reached XP level 1. HP: 18/18 MP: 0/0
   163 | D:1      | Reached skill level 1 in Stealth
   168 | D:1      | Reached XP level 2. HP: 17/25 MP: 1/1
   812 | D:1      | Found a faded altar of an unknown god.
  1298 | D:2      | Reached XP level 3. HP: 25/31 MP: 2/2
  1356 | D:2      | Found Memebbua's Antique Weapon Emporium.
  1750 | D:3      | Noticed Natasha
  1757 | D:3      | Slain by Natasha

Illustrated notes

Levels and vault maps discovered:
D:1:      erik_arrival_orb_chamber, layout_loops_ring,
          hellmonk_ecumenical_altar_defaced_shrine, minivault_23, minivault_27,
          serial_bayou_pond_e
D:2:      layout_basic, serial_shops, shop
D:3:      layout_basic, nicolae_wu_jian_glorious_leap, uniq_natasha

Skill      XL: |  1  2 |
---------------+-------+-----
Stealth        | 1 |  1.6
Fighting       | 3 |  3.0
Ranged Weapons | |  4.7
Dodging        | |  2.8

Action                   || total
-------------------------++-------
 Fire: Shortbow          ||    91
Armor: Leather armour    ||    13
Dodge: Dodged            ||    43
